 Dungeon Crawl Stone Soup version 0.17-a0-1393-gcb420ff (webtiles) character file.

78 Umineko the Skirmisher (level 4, -4/38 HPs)
             Began as a Human Wanderer on June 16, 2015.
             Was a Follower of Fedhas.
             Slain by Sigmund
             ... wielding a +4 scythe of flaming
              (5 damage)
             ... on level 3 of the Dungeon.
             The game lasted 00:12:02 (2316 turns).

Umineko the Skirmisher (Human Wanderer)             Turns: 2316, Time: 00:12:03

Health: -4/38      AC:  9    Str: 11      XL:     4   Next: 61%
Magic:  4/4        EV:  5    Int: 10 (14) God:    Fedhas [*.....]
Gold:   126        SH:  0    Dex: 13      Spells: 0 memorised, 3 levels left

rFire  . . .     SeeInvis .     g - +0 hand axe (vamp)
rCold  . . .     Clarity  .     b - +0 chain mail
rNeg   . . .     SustAt   .     (no shield)
rPois  .         Gourm    .     (no helmet)
rElec  .         Spirit   .     (no cloak)
rCorr  .         Warding  .     (no gloves)
rMut   .         Stasis   .     q - +0 pair of boots
MR     .....                    (no amulet)
Stlth  ..........               (no ring)
                                (no ring)

@: not resistant to hostile enchantments, extremely unstealthy
A: no striking features
a: Evolution, Renounce Religion


You were on level 3 of the Dungeon.
You worshipped Fedhas.
Fedhas was aware of your devotion.
You were not hungry.

You visited 1 branch of the dungeon, and saw 3 of its levels.

You collected 126 gold pieces.

Inventory:

Hand weapons
 a - a +2 falchion
 f - a +0 club
 g - a +0 vampiric hand axe (weapon)
Armour
 b - a +0 chain mail (worn)
 d - a +0 robe
 q - a +0 pair of boots (worn)
Jewellery
 h - an uncursed ring of flight {unknown}
Scrolls
 c - a scroll of teleportation
 e - a scroll of identify
 i - a scroll of recharging
Potions
 l - a potion of degeneration
 o - 2 potions of curing


   Skills:
 * Level 4.9 Fighting
 + Level 1.3 Long Blades
 + Level 0.2 Axes
 - Level 1.0 Throwing
 * Level 1.9 Armour
 + Level 1.5 Dodging
 - Level 3.0 Stealth


You had 3 spell levels left.
You didn't know any spells.

Dungeon Overview and Level Annotations

Branches:
Dungeon (3/15)

Altars:
Fedhas
Kikubaaqudgha
Trog
Xom

Annotations:
D:3 Sigmund


Message History

Sigmund gestures wildly while chanting.
Sigmund flickers and vanishes!
Deactivating autopickup; reactivate with Ctrl-A.
Something hits you but does no damage.
You miss something. You hit something but do no damage. Something hits you.
Something burns you. Something hits you. Something burns you.
You see here 15 gold pieces.
You hear some strange, mumbled words.
A puff of flame appears from out of thin air!
The puff of flame hits you!
You hear some strange, mumbled words.
A puff of flame appears from out of thin air!
The puff of flame hits you!
* * * LOW HITPOINT WARNING * * *
Something hits you!
* * * LOW HITPOINT WARNING * * *
Something burns you.
You die...
Fedhas appreciates your contribution to the ecosystem.

#.# .#
#(#####.##.###
#.##$.>.......
#.##.#####..##
#.##.## #..
#.#...# #.#
#..#.#.###.#
#.##.##<#..#
#..@....._.#
#.##.##.####
#....#.##
###...# #####


There were no monsters in sight!

Vanquished Creatures
  4 adders (D:2)
  A worm (D:2)
  A giant gecko (D:1)
  5 bats
  A giant cockroach (D:2)
  3 hobgoblins
  2 quokkas (D:2)
  A ball python (D:2)
  2 giant newts
  8 goblins
  7 kobolds
  6 rats
41 creatures vanquished.

Vanquished Creatures (others)
  19 toadstools (D:2)
19 creatures vanquished.

Grand Total: 60 creatures vanquished

Notes
Turn   | Place    | Note
--------------------------------------------------------------
     0 | D:1      | Umineko the Human Wanderer began the quest for the Orb.
     0 | D:1      | Umineko set off with: a +2 falchion, a +0 short sword, a scroll of teleportation, a +0 robe, a +0 dagger, a bread ration
     0 | D:1      | Reached XP level 1. HP: 19/19 MP: 1/1
   185 | D:1      | Reached XP level 2. HP: 14/25 MP: 2/2
   774 | D:2      | Found an ancient bone altar of Kikubaaqudgha.
   777 | D:2      | Found a blossoming altar of Fedhas.
   832 | D:2      | Became a worshipper of Fedhas Madash
   874 | D:2      | Found a bloodstained altar of Trog.
  1019 | D:2      | Reached XP level 3. HP: 31/31 MP: 3/3
  1278 | D:2      | Reached skill level 1 in Armour
  1465 | D:2      | Reached XP level 4. HP: 34/38 MP: 4/4
  1784 | D:2      | Acquired Fedhas's first power
  2251 | D:3      | Found a shimmering altar of Xom.
  2291 | D:3      | Noticed Sigmund
  2316 | D:3      | HP: 1/38 [something (10)]
  2316 | D:3      | Slain by Sigmund

Vault maps used:
D:1:      evilmike_arrival_fibonacci_small, minmay_misc_feat_room
D:2:      grunt_temple_overflow_growth_and_decay, bloody_trog, serial_bayou,
          serial_bayou_lake_a, serial_bayou_lagoon_a, serial_bayou_pond_d,
          serial_bayou_ford_a, minmay_misc_feat_nine_boxes,
          hangedman_feature_mirror
D:3:      nicolae_ashenzari_panopticon, overflow_temple_1_default,
          gup_sewer_entry_bubbles, uniq_terence, uniq_grinder, uniq_sigmund

Action                   |  1- 3 |  4- 6 || total
-------------------------+-------+-------++-------
Melee: Falchion          |    18 |       ||    18
       Hand axe          |   108 |    88 ||   196
  Use: Potion            |     5 |       ||     5
       Scroll            |     3 |       ||     3
 Stab: Sleeping          |     1 |       ||     1
  Eat: Bread ration      |     1 |     1 ||     2
       Meat ration       |     1 |       ||     1
